 Dungeon Crawl Stone Soup version 0.30-a0-374-g95c0257040 (webtiles) character file.

Game seed: 12865708802623914880

143 qeuew the Trooper (level 5, 0/42 HPs)
             Began as a Demonspawn Monk on Nov 26, 2022.
             Slain by an orc priest
             ... wielding a +0 flail
              (5 damage)
             ... on level 4 of the Dungeon.
             The game lasted 00:03:21 (2543 turns).

qeuew the Trooper (Demonspawn Monk)                 Turns: 2543, Time: 00:03:22

Health: 0/42       AC:  3    Str: 14    XL:     5   Next: 4%
Magic:  5/5        EV: 13    Int: 11    God:
Gold:   175        SH:  0    Dex: 15    Spells: 4/4 levels left

rFire   . . .      SeeInvis .    a - +0 hand axe
rCold   . . .      Faith    .    (no shield)
rNeg    . . .      Spirit   .    b - +1 robe
rPois   .          Reflect  .    (helmet restricted)
rElec   .          Harm     .    (no cloak)
rCorr   .          Rampage  .    (no gloves)
Will    .....                    (no boots)
Stlth   ++........               (no amulet)
HPRegen 0.27/turn                (no ring)
MPRegen 0.09/turn                (no ring)

@: no status effects
A: claws 1, powered by pain 1, horns 1, talons 1
a: no special abilities


You were on level 4 of the Dungeon.
You visited 1 branch of the dungeon, and saw 4 of its levels.

You collected 175 gold pieces.

Inventory:

Hand Weapons
 a - a +0 hand axe (weapon)
Armour
 b - a +1 robe (worn)
Wands
 i - a wand of iceblast (8)
Scrolls
 e - 2 scrolls of teleportation
 k - a scroll of blinking
Potions
 c - a potion of ambrosia
 g - a potion of flight
 h - a potion of curing
 j - 2 potions of magic
 l - a potion of brilliance


   Skills:
 * Level 4.2 Fighting
 + Level 3.3 Axes
 + Level 1.6 Armour
 + Level 3.2 Dodging
 - Level 1.7 Stealth
 + Level 0.6 Evocations


You had 4 spell levels left.
You didn't know any spells.
Your spell library contained the following spells:

 Spells                   Type           Power      Damage    Failure   Level
 Apportation              Tloc           0%         N/A       34%         1
 Necrotise                Necr           0%         1d4       34%         1
 Summon Small Mammal      Summ           0%         N/A       34%         1
 Ignite Poison            Fire/Tmut/Pois 0%         N/A       71%         3
 Sticky Flame             Conj/Fire      0%         2d3       98%         4
 Ignition                 Fire           0%         3d3       100%        8


Dungeon Overview and Level Annotations

Branches:
Dungeon (4/15)
 Temple: D:4-7

Altars:
Fedhas
Okawaru
Trog


Innate Abilities, Weirdness & Mutations

You have sharp fingernails.
You sometimes gain a little power by taking damage.
You have a pair of small horns on your head.
You have sharp toenails.


Message History

The ufetubus barely misses you.
You hit the orc priest.
You claw the orc priest, but do no damage.
Your headbutt misses the orc priest.
The orc priest is severely wounded.
You barely miss the orc.
You hit the orc wizard but do no damage.
You miss the ufetubus. The ufetubus hits you. x2
The orc wizard hits you but does no damage.
A kobold comes into view. It is wielding a +0 whip.
The orc hits you with a +0 short sword. The orc priest completely misses you.
The ufetubus hits you but does no damage. x2
You barely miss the orc wizard. You closely miss the orc.
You closely miss the orc priest. You miss the ufetubus.
The orc wizard hits you with a +0 dagger.
The orc hits you with a +0 short sword.
The orc priest calls down the wrath of Beogh upon you.
Beogh smites you!
* * * LOW HITPOINT WARNING * * *
The ufetubus barely misses you. The ufetubus closely misses you.
The orc priest barely misses you.
You feel better.
The ufetubus hits you but does no damage.
The ufetubus barely misses you. The ufetubus hits you.
* * * LOW HITPOINT WARNING * * *
The ufetubus hits you but does no damage.
The orc misses you. The orc priest completely misses you.
Unknown command.
You barely miss the orc priest. You claw the orc priest.
The orc priest is almost dead.
You closely miss the ufetubus. You hit the orc wizard. You barely miss the orc.
The ufetubus hits you.
* * * LOW HITPOINT WARNING * * *
The ufetubus hits you.
* * * LOW HITPOINT WARNING * * *
The orc wizard hits you with a +0 dagger.
* * * LOW HITPOINT WARNING * * *
The orc closely misses you.
The orc priest hits you with a +0 flail.
You die...

#..# # #.## . # #.#
##.### ## /# ###.##
#.##.##.##.## .....###
##.#)#.#.#.#.# .._....#
#...#.)#..#..#
._8..#.####.†)#...#...#
.._.........#...o#....#
.....#####...#..@oo#....
#...## #.....#o5.K.)#.
###.# ##.......#.....
#.# #.............. #.
...............
#.##.###..###... #.#
#..# ### # #..#


You could see an orc priest, an orc wizard, 2 orcs, an ufetubus and a kobold.

Vanquished Creatures
  A gnoll bouda (D:4)
  3 adders
  2 ufetubi (D:4)
  2 worms (D:3)
  5 dart slugs
  4 orcs (D:4)
  6 ball pythons
  6 endoplasms
  A giant cockroach (D:2)
  9 goblins
  2 hobgoblins
  3 jackals (D:2)
  A quokka (D:3)
  7 bats
  A frilled lizard (D:1)
  4 kobolds
  A rat (D:2)
58 creatures vanquished.

Notes
Turn   | Place    | Note
-------+----------+-------------------------------------------
     0 | D:1      | qeuew the Demonspawn Monk began the quest for the Orb.
     0 | D:1      | Reached XP level 1. HP: 18/18 MP: 1/1
   340 | D:1      | Gained mutation: You sometimes gain a little power by
                  | taking damage. [demonic ancestry]
   340 | D:1      | Reached XP level 2. HP: 24/24 MP: 2/2
   866 | D:2      | Reached XP level 3. HP: 29/29 MP: 3/3
   964 | D:2      | Reached skill level 1 in Armour
  1207 | D:2      | Gained mutation: You occasionally shout uncontrollably at
                  | your foes. [potion of mutation]
  1213 | D:2      | Lost mutation: You occasionally shout uncontrollably at
                  | your foes. [potion of mutation]
  1213 | D:2      | Gained mutation: You have sharp toenails. [potion of
                  | mutation]
  1213 | D:2      | Gained mutation: You have a pair of small horns on your
                  | head. [potion of mutation]
  1695 | D:3      | Reached XP level 4. HP: 33/37 MP: 4/4
  2301 | D:4      | Reached skill level 4 in Fighting
  2457 | D:4      | Found an iron altar of Okawaru.
  2458 | D:4      | Found a blossoming altar of Fedhas.
  2459 | D:4      | Found a bloodstained altar of Trog.
  2499 | D:4      | Gained mutation: You have sharp fingernails. [demonic
                  | ancestry]
  2499 | D:4      | Reached XP level 5. HP: 15/42 MP: 5/5
  2543 | D:4      | Slain by an orc priest

Illustrated notes

Levels and vault maps discovered:
D:1:      saegor_arrival_simple_c, layout_basic
D:2:      layout_basic
D:3:      layout_basic, chequers_serial_rivers_micro_c
D:4:      layout_loops_ring, mainiacjoe_overflow_surrounded_room,
          chequers_temple_overflow_statue_of_worship, minmay_increasing_density

Skill      XL: |  1  2  3  4 |
---------------+-------------+-----
Axes           | 3 |  3.3
Armour         | 1 |  1.6
Dodging        | 3 |  3.2
Fighting       | 4 |  4.2
Stealth        | |  1.7
Evocations     | |  0.6

Action                   |  1- 3 |  4- 6 || total
-------------------------+-------+-------++-------
Melee: Hand axe          |   120 |    63 ||   183
       Punch             |     1 |       ||     1
       Kick              |     6 |    21 ||    27
       Headbutt          |     4 |    13 ||    17
  Use: Scroll            |     8 |     3 ||    11
       Potion            |     5 |     1 ||     6
 Stab: Sleeping          |     9 |     2 ||    11
Armor: Robe              |    21 |    15 ||    36
Dodge: Dodged            |    83 |    60 ||   143

Table legend: (Time is in decaauts)
 A = Elapsed time spent in this place.
 B = Non-inter-level travel time spent in this place.
 C = Inter-level travel time spent in this place.
 D = Time resting spent in this place.
 E = Time spent auto-exploring this place.
 F = Levels seen in this place.
 G = Mean time per level.
                   A        B        C        D        E       F      G
               +--------+--------+--------+--------+--------+-----+--------+
         Total |   2579 |   2522 |     57 |      0 |   2027 |   4 |  644.8 |
       Dungeon |   2579 |   2522 |     57 |      0 |   2027 |   4 |  644.8 |
               +--------+--------+--------+--------+--------+-----+--------+

Top non-repeatable levels by time:
     D:3: 1003 daAuts
     D:2: 645 daAuts
     D:1: 607 daAuts
     D:4: 323 daAuts
